Map: Светотень РВ

Players

ИИ 1 (новичок) - Winner!

  • Race: Protoss Protoss
  • Spawn Location: 5:00

talismanTV

  • Race: Terran Terran
  • League: Master
  • Spawn Location: 11:00

VOD

Have the link to the VOD?

Description

Time

  • Played on: March 9, 2021, 12:23 p.m.
  • Length: 8:20
Show
View Real Time Build Order
Export as new Build Order

ИИ 1 (новичок) Protoss - Winner!

Build Orders:  

Get SALT Encoding   

  12  0:00  Probe  
  13  0:13  Probe  
  14  0:19  Pylon  
  14  0:36  Assimilator  
  14  0:43  Gateway  
  14  0:47  Pylon  
  14  1:14  Assimilator  
  14  1:16  Probe  
  14  1:24  Probe  
  15  1:32  Probe  
  16  1:34  Cybernetics Core  
  17  1:42  Probe  
  18  1:55  Probe  
  18  2:00  Warp Gate  
  19  2:03  Probe  
  20  2:10  Stalker  
  22  4:22  Probe  
  22  4:30  Probe  
  19  4:40  Probe  
  20  4:52  Probe  
  18  5:04  Probe  
  19  5:13  Probe  
  19  5:21  Probe  
  20  5:22  Zealot  
  20  5:24  Pylon  
  20  5:28  Robotics Facility  
  18  5:31  Probe  
  19  5:43  Probe  
  20  5:55  Probe  
  17  6:07  Probe  
  18  6:13  Zealot  
  18  6:16  Probe, Observer  
  21  6:24  Probe  
  20  6:33  Probe  
  20  6:37  Observer  
  22  6:45  Probe  
  18  6:58  Probe  
  19  7:05  Stalker  
  21  7:10  Probe  
  22  7:22  Probe  
  23  7:34  Probe  
  24  7:46  Probe  
  25  7:56  Zealot  
  25  7:58  Probe  
Show
View Real Time Build Order
Export as new Build Order

talismanTV Terran 

Build Orders: 1/1/1 

Get SALT Encoding   

  12  0:00  SCV  
  13  0:12  SCV  
  14  0:17  Supply Depot  
  14  0:25  SCV  
  15  0:38  SCV  
  15  0:39  Barracks  
  16  0:45  Refinery  
  16  0:51  SCV  
  16  0:55  Supply Depot  
  17  1:03  SCV  
  18  1:11  Refinery  
  18  1:15  SCV  
  19  1:27  Orbital Command, Marine  
  20  1:42  Factory  
  20  1:51  Barracks Reactor  
  21  1:54  SCV  
  21  2:06  SCV, Supply Depot  
  22  2:18  SCV  
  23  2:27  Widow Mine  
  23  2:28  Starport  
  25  2:32  SCV  
  25  2:34  Marine x2  
  28  2:44  SCV  
  28  2:48  Widow Mine  
  28  2:49  Armory  
  31  2:53  Marine x2  
  33  3:02  SCV  
  33  3:05  Medivac  
  36  3:09  Widow Mine  
  38  3:14  SCV  
  39  3:26  Command Center  
  39  3:31  Factory Tech Lab  
  39  3:35  Starport Tech Lab  
  39  3:46  Supply Depot  
  39  3:56  Supply Depot  
  39  4:07  SCV, Raven  
  42  4:19  SCV  
  43  4:28  Cyclone  
  43  4:29  Barracks  
  43  4:30  Barracks  
  46  4:31  SCV  
  46  4:33  Marine x2  
  49  4:38  Orbital Command  
  49  4:43  SCV  
  49  4:44  Engineering Bay  
  50  4:55  SCV, Marine x2  
  50  4:58  Starport Reactor  
  53  5:05  SCV  
  54  5:08  SCV  
  54  5:11  Factory Reactor  
  55  5:19  Orbital Command  
  55  5:22  SCV  
  56  5:34  Stimpack, Combat Shield  
  56  5:37  Marauder x2, Marine x2  
  56  5:39  Medivac  
  56  5:41  SCV  
  65  5:46  SCV  
  70  5:50  Widow Mine x2  
  70  5:55  Supply Depot  
  70  5:56  Supply Depot  
  70  6:12  Supply Depot  
  70  6:13  Terran Infantry Weapons Level 1  
  70  6:17  SCV x2, Marauder x2, Marine x2  
  78  6:24  Supply Depot  
  78  6:26  Refinery  
  78  6:27  Widow Mine x2  
  78  6:29  SCV x2  
  84  6:37  Marine  
  84  6:38  Marine  
  84  6:39  Marauder x2  
  90  6:41  SCV x2  
  90  6:46  Supply Depot  
  92  6:50  Supply Depot  
  92  6:53  Concussive Shells, Widow Mine x2  
  94  7:10  SCV x2  
  94  7:11  Marauder x2, Marine x2  
  104  7:16  Widow Mine x2  
  104  7:21  Command Center  
  106  7:29  Marine  
  107  7:32  Marauder  
  107  7:33  Marauder  
Tags
 
League
Master
Matchup
ПvТ
Opening
1/1/1
Spawn Locations
Cross Positions
Add a new tag
Caveats
  • Supply blocks, unpowered buildings, or Contaminate may cause inaccurate times.
  • Supply counts are checked every 10 seconds.